 Dungeon Crawl Stone Soup version 0.31-a0-4-gefa6de2278 (webtiles) character file.

Game seed: 7157776982380558645

32147 bmack86 the Severer (level 13, -1/116 HPs)
             Began as a Minotaur Fighter on May 4, 2023.
             Was a High Priest of Okawaru.
             Slain by a green ugly thing (2 damage)
             ... while petrified by a catoblepas
             ... on level 14 of the Dungeon.
             The game lasted 00:33:43 (12831 turns).

bmack86 the Severer (Minotaur Fighter)             Turns: 12831, Time: 00:33:44

Health: -1/116     AC: 35    Str: 32    XL:     13   Next: 29%
Magic:  0/17       EV:  2    Int:  8    God:    Okawaru [*****.]
Gold:   673        SH:  0    Dex: 10    Spells: 12/12 levels left

rFire   . . .        a - +1 war axe (freeze)
rCold   . . .        c - +0 buckler
rNeg    + + +        e - +8 orange crystal plate armour {Archmagi, Int+3 Clar}
rPois   ∞            (helmet restricted)
rElec   .            r - +0 cloak
rCorr   .            q - +0 pair of gloves
SInv    .            b - +2 pair of boots
Will    +....        n - amulet of guardian spirit Stlth
                     i - +6 ring of strength
HPRegen 0.39/turn    x - ring of willpower
MPRegen 0.15/turn

%: clarity, guardian spirit, archmagi
@: petrified
A: horns 2, retaliatory headbutt
a: Renounce Religion, Heroism, Finesse, Duel


You were on level 14 of the Dungeon.
You worshipped Okawaru.
Okawaru was extremely pleased with you.
You visited 2 branches of the dungeon, and saw 16 of its levels.

You collected 958 gold pieces.
You spent 285 gold pieces at shops.

Inventory:

Hand Weapons
 a - a +1 war axe of freezing (weapon)
 I - a +0 war axe
Missiles
 l - 38 poisoned darts
 m - 3 boomerangs (quivered)
 u - 12 javelins
 J - a silver boomerang
 L - 5 curare-tipped darts
Armour
 b - a +2 pair of boots (worn)
 c - a +0 buckler (worn)
 e - the +8 orange crystal plate armour (worn) {Archmagi, Int+3 Clar}
   (You acquired it on level 4 of the Dungeon)

   Int:       It affects your intelligence (+3).
   Clar:      It protects you from confusion, rage, mesmerisation and fear.
 q - a +0 pair of gloves (worn)
 r - a +0 cloak (worn)
 B - a +1 plate armour of willpower
Jewellery
 i - a +6 ring of strength (left hand)
 k - a ring of positive energy
 n - an amulet of guardian spirit (around neck)
 o - a ring of flight
 x - a ring of willpower (right hand)
 A - a ring of fire
Wands
 f - a wand of iceblast (24)
 y - a wand of flame (15)
 C - a wand of digging (6)
 K - a wand of light (2)
 M - a wand of mindburst (8)
Scrolls
 t - 8 scrolls of teleportation
 D - a scroll of brand weapon
 E - a scroll of amnesia
 G - 2 scrolls of enchant weapon
 H - 2 scrolls of identify
Potions
 d - 2 potions of might
 g - 9 potions of curing
 h - 6 potions of brilliance
 j - 3 potions of haste
 p - 5 potions of flight
 s - 3 potions of lignification
 v - 6 potions of heal wounds
 z - a potion of invisibility
 F - a potion of resistance


   Skills:
 + Level 11.3 Fighting
 * Level 15.1 Axes
 + Level 9.0 Throwing
 + Level 11.4 Armour
 + Level 11.3 Shields
 + Level 7.2 Invocations


You had 12 spell levels left.
You didn't know any spells.
Your spell library contained the following spells:

 Spells                   Type           Power      Damage    Failure   Level
 Beastly Appendage        Tmut           0%         N/A       100%        1
 Magic Dart               Conj           0%         1d3       100%        1
 Necrotise                Necr           0%         1d4       100%        1
 Sting                    Tmut/Pois      0%         1d3       100%        1
 Poisonous Vapours        Pois/Air       0%         N/A       100%        2
 Static Discharge         Conj/Air       0%         2-2/arc   100%        2
 Wereblood                Tmut           0%         N/A       100%        2
 Confusing Touch          Hex            0%         N/A       100%        3
 Mephitic Cloud           Conj/Pois/Air  0%         N/A       100%        3
 Spider Form              Tmut/Pois      0%         N/A       100%        3
 Vampiric Draining        Necr           0%         2d6       100%        3
 Vhi's Electric Charge    Tloc/Air       0%         N/A       100%        3
 Airstrike                Air            0%         2d(0-16)  100%        4
 Olgreb's Toxic Radiance  Pois           0%         N/A       100%        4
 Agony                    Necr           0%         N/A       100%        5
 Blade Hands              Tmut           0%         N/A       100%        5
 Freezing Cloud           Conj/Ice/Air   0%         6-21      100%        5
 Iron Shot                Conj/Erth      0%         9d1       100%        6
 Call Imp                 Summ           Unusable   N/A       N/A         2
 Animate Armour           Summ/Erth      Unusable   N/A       N/A         4
 Summon Lightning Spire   Summ/Air       Unusable   N/A       N/A         4

Dungeon Overview and Level Annotations

Branches:
Dungeon (15/15)            Temple (1/1) D:7            Lair (0/5) D:8
    Orc (0/2) D:9
 Vaults: D:13-14     Depths: D:15

Altars:
Ashenzari
Cheibriados
Dithmenos
Elyvilon
Fedhas
Gozag
Hepliaklqana
Kikubaaqudgha
Makhleb
Nemelex Xobeh
Okawaru
Qazlal
Ru
Sif Muna
Trog
Uskayaw
Vehumet
Wu Jian
Xom
Yredelemnul
Zin
The Shining One

Shops:
D:8 ?   D:9 (


Innate Abilities, Weirdness & Mutations

You have a pair of horns on your head.
You reflexively headbutt those who attack you in melee.


Message History

The blast of calcifying dust hits you but does no damage.
The green ugly thing engulfs you.
* * * LOW HITPOINT WARNING * * *
You are engulfed in calcifying dust.
The white ugly thing headbutts you but does no damage.
The green ugly thing gores you but does no damage.
The catoblepas breathes a plume of calcifying dust at you.
The blast of calcifying dust hits the white ugly thing.
The blast of calcifying dust hits you but does no damage.
The catoblepas gores you but does no damage.
The green ugly thing completely misses you.
You are engulfed in calcifying dust.
The white ugly thing is no longer petrified.
The white ugly thing headbutts you but does no damage.
The green ugly thing gores you but does no damage.
The white ugly thing is engulfed in calcifying dust.
The white ugly thing is moving more slowly.
The white ugly thing kicks you but does no damage.
The catoblepas gores you.
* * * LOW HITPOINT WARNING * * *
The green ugly thing engulfs you but does no damage.
You are engulfed in calcifying dust.
The white ugly thing headbutts you but does no damage.
The green ugly thing gores you but does no damage.
The white ugly thing is engulfed in calcifying dust.
The white ugly thing stops moving altogether!
The catoblepas gores you!
* * * LOW HITPOINT WARNING * * *
The green ugly thing basks in the mutagenic energy from its kin and changes!
You are engulfed in calcifying dust.
The white ugly thing headbutts you!
* * * LOW HITPOINT WARNING * * *
The white ugly thing freezes you!!
* * * LOW HITPOINT WARNING * * *
The white ugly thing is engulfed in calcifying dust.
The green ugly thing gores you but does no damage.
The catoblepas gores you but does no damage.
You are engulfed in calcifying dust.
The white ugly thing headbutts you but does no damage.
The green ugly thing gores you.
You die...

#######....# .......#....
..........## .......#....
..........# .......#..##
!........# .......#..# .#+#
........># .......'..#
....######..).# .......#..#
.........#..§.#####.....#..#
.........#)u§.....####..#..#
.........#.Y@.....##♣####..#
.........#.uuu...##........#
####'##..Y...##..♣#.....#
#...........##...##.....#
#.§.........#♣..##....∩.#
.#######...........#.<.#.......#
...................#♣..##......#
#........###.###...##)..##.....#
#..)§uKK##.....##...##..♣#.....#


You could see 2 catoblepae and 4 ugly things.

Vanquished Creatures
  Rupert (D:12)
  Jorgrun (D:12)
  3 centaur warriors
  8 two-headed ogres
  4 boulder beetles
  Sonja (D:10)
  Urug (D:12)
  2 deep elf pyromancers
  10 ugly things
  2 cyclopes
  3 manticores
  2 gargoyles (D:14)
  3 kobold demonologists (D:14)
  3 trolls
  4 hornets
  A shadow (D:13)
  12 yaks
  3 wraiths
  Sigmund (D:4)
  A wyvern (D:10)
  A human (shapeshifter) (D:13)
  A basilisk (D:14)
  2 steam dragons
  2 vampire mosquitoes (D:11)
  2 acid dragons
  Edmund (D:5)
  5 water moccasins
  2 black bears
  11 orc warriors
  5 ice beasts
  6 sky beasts
  2 ogres
  10 centaurs
  4 kobold brigands
  6 bullfrogs
  7 scorpions
  A gnoll sergeant (D:8)
  9 wights
  5 howler monkeys
  A jelly (D:5)
  6 hounds
  3 orc priests
  6 iguanas
  3 sleepcaps
  Natasha (thrice) (D:3)
  8 orc wizards
  5 gnolls (D:8)
  11 adders
  4 shadow imps
  A white imp (D:6)
  An ufetubus (D:4)
  39 orcs
  5 ball pythons
  9 endoplasms
  2 giant cockroaches
  8 goblins
  10 hobgoblins
  7 jackals
  24 kobolds
  3 quokkas
  3 bats
  2 frilled lizards
  3 rats (D:3)
315 creatures vanquished.

Vanquished Creatures (others)
  33 fungi (D:8)
  35 plants (D:8)
68 creatures vanquished.

Grand Total: 383 creatures vanquished

Notes
Turn   | Place    | Note
-------+----------+-------------------------------------------
     0 | D:1      | bmack86 the Minotaur Fighter began the quest for the Orb.
     0 | D:1      | Reached XP level 1. HP: 19/19 MP: 0/0
   558 | D:1      | Reached XP level 2. HP: 27/27 MP: 1/1
   936 | D:2      | Reached skill level 3 in Axes
   942 | D:2      | Reached XP level 3. HP: 29/33 MP: 2/2
  1818 | D:3      | Reached skill level 1 in Throwing
  1818 | D:3      | Reached XP level 4. HP: 40/40 MP: 3/3
  2005 | D:3      | You are sucked into a shaft and drop 2 floors!
  2005 | D:5      | Entered Level 5 of the Dungeon
  2054 | D:4      | Noticed Sigmund
  2090 | D:3      | Noticed Natasha
  2100 | D:3      | Killed Natasha
  2101 | D:3      | Reached skill level 4 in Axes
  2258 | D:3      | Found a faded altar of an unknown god.
  2287 | D:3      | Noticed Natasha
  2299 | D:3      | Killed Natasha
  2300 | D:3      | Reached XP level 5. HP: 20/46 MP: 1/4
  2350 | D:3      | Found a shadowy altar of Dithmenos.
  2433 | D:3      | Noticed Natasha
  2445 | D:3      | Killed Natasha
  2758 | D:4      | Killed Sigmund
  2759 | D:4      | Reached skill level 5 in Axes
  2759 | D:4      | Reached XP level 6. HP: 43/53 MP: 3/5
  2908 | D:4      | Identified a scroll of acquirement
  2911 | D:4      | Acquired the +8 orange crystal plate armour {Archmagi,
                  | Int+3 Clar}
  2911 | D:4      | Found the +8 orange crystal plate armour {Archmagi, Int+3
                  | Clar}
  3086 | D:4      | Reached skill level 5 in Armour
  3289 | D:4      | Reached skill level 5 in Shields
  3328 | D:4      | Reached skill level 5 in Fighting
  3484 | D:5      | Noticed an ice beast
  3491 | D:5      | Killed an ice beast
  3492 | D:5      | Reached XP level 7. HP: 47/61 MP: 4/6
  3654 | D:5      | Reached skill level 6 in Axes
  3685 | D:5      | Noticed Edmund
  3696 | D:5      | Killed Edmund
  3746 | D:5      | Found a bloodstained altar of Trog.
  3746 | D:5      | Found a glowing golden altar of the Shining One.
  3836 | D:5      | Reached skill level 7 in Axes
  3836 | D:5      | Reached XP level 8. HP: 50/70 MP: 5/7
  4804 | D:6      | Reached skill level 8 in Axes
  5339 | D:6      | Reached XP level 9. HP: 78/78 MP: 8/8
  5700 | D:7      | Reached skill level 9 in Axes
  5868 | D:7      | Found a staircase to the Ecumenical Temple.
  5883 | Temple   | Entered the Ecumenical Temple
  5901 | Temple   | Became a worshipper of Warmaster Okawaru
  6110 | D:7      | Reached skill level 5 in Throwing
  6207 | D:7      | Reached skill level 1 in Invocations
  6283 | D:7      | Reached * piety under Okawaru
  6296 | D:7      | Reached skill level 10 in Axes
  6329 | D:7      | Noticed a cyclops
  6330 | D:7      | Noticed a two-headed ogre
  6331 | D:7      | Noticed a deep elf pyromancer
  6332 | D:7      | Noticed a red ugly thing
  6332 | D:7      | Noticed a two-headed ogre
  6333 | D:7      | Noticed a troll
  6333 | D:7      | Noticed a two-headed ogre
  6336 | D:7      | Killed a two-headed ogre
  6336 | D:7      | Reached ** piety under Okawaru
  6337 | D:7      | Reached XP level 10. HP: 56/88 MP: 5/10
  6348 | D:7      | Killed a red ugly thing
  6359 | D:7      | Killed a cyclops
  6368 | D:7      | Killed a deep elf pyromancer
  6369 | D:7      | Reached skill level 11 in Axes
  6376 | D:7      | Killed a two-headed ogre
  6376 | D:7      | Reached *** piety under Okawaru
  6380 | D:7      | Killed a two-headed ogre
  6380 | D:7      | Received a gift from Okawaru
  6389 | D:7      | Got the Catalogue of the Atmospheric Maleficium
  6392 | D:7      | Identified the staff of fire "Ophod" {rElec rF+ rN+ rCorr}
  6948 | D:8      | Found Ovurchics's Magic Scroll Shoppe.
  6955 | D:8      | Bought 2 scrolls of brand weapon for 285 gold pieces
  6991 | D:8      | Reached **** piety under Okawaru
  6992 | D:8      | Reached XP level 11. HP: 49/95 MP: 2/12
  7002 | D:8      | Found a staircase to the Lair.
  7350 | D:8      | Noticed a two-headed ogre
  7361 | D:8      | Killed a two-headed ogre
  7362 | D:8      | Reached skill level 12 in Axes
  8022 | D:9      | Found a staircase to the Orcish Mines.
  8025 | D:9      | Found Epupul's Weapon Boutique.
  8126 | D:9      | Noticed a two-headed ogre
  8153 | D:9      | Killed a two-headed ogre
  8153 | D:9      | Received a gift from Okawaru
  8454 | D:10     | Entered Level 10 of the Dungeon
  8519 | D:10     | Reached skill level 5 in Invocations
  8589 | D:10     | Noticed a two-headed ogre
  8592 | D:10     | Killed a two-headed ogre
  8809 | D:10     | Noticed Sonja
  8826 | D:10     | Killed Sonja
  8826 | D:10     | Received a gift from Okawaru
  9261 | D:11     | Noticed a boulder beetle
  9279 | D:11     | Reached ***** piety under Okawaru
  9279 | D:11     | Received a gift from Okawaru
  9280 | D:11     | Reached skill level 13 in Axes
  9283 | D:11     | Killed a boulder beetle
  9284 | D:11     | Reached skill level 10 in Armour
  9411 | D:11     | Noticed a boulder beetle
  9420 | D:11     | Killed a boulder beetle
  9421 | D:11     | Reached XP level 12. HP: 106/106 MP: 15/15
  9487 | D:11     | Reached skill level 10 in Fighting
  9763 | D:11     | Noticed a two-headed ogre
  9769 | D:11     | Reached skill level 10 in Shields
  9780 | D:11     | Killed a two-headed ogre
 10077 | D:12     | Noticed Jorgrun
 10100 | D:12     | Killed Jorgrun
 10293 | D:12     | Noticed Rupert
 10316 | D:12     | Killed Rupert
 10316 | D:12     | Received a gift from Okawaru
 10611 | D:12     | Noticed Urug
 10622 | D:12     | Killed Urug
 10623 | D:12     | Reached skill level 14 in Axes
 10780 | D:12     | Noticed a centaur warrior
 10792 | D:12     | Killed a centaur warrior
 11234 | D:13     | Noticed a boulder beetle
 11255 | D:13     | Killed a boulder beetle
 11622 | D:13     | Received a gift from Okawaru
 11940 | D:13     | Received a gift from Okawaru
 12077 | D:13     | Noticed a two-headed ogre
 12085 | D:13     | Killed a two-headed ogre
 12191 | D:13     | Found a shimmering blue altar of Sif Muna.
 12267 | D:14     | Noticed a boulder beetle
 12267 | D:14     | Noticed a centaur warrior
 12273 | D:14     | Killed a centaur warrior
 12274 | D:14     | Reached XP level 13. HP: 107/116 MP: 14/17
 12485 | D:14     | Received a gift from Okawaru
 12501 | D:15     | Entered Level 15 of the Dungeon
 12533 | D:15     | Reached skill level 15 in Axes
 12830 | D:14     | HP: 1/116 [white ugly thing (14)]
 12831 | D:14     | Slain by a green ugly thing

Illustrated notes

Levels and vault maps discovered:
D:1:      matt_arrival_spirals, layout_basic, minmay_split_cup_large
D:2:      layout_loops_corners, minmay_misc_feat_more_columns
D:3:      layout_basic, nicolae_dithmenos_shadow_blocks,
          ebering_ecumenical_altar_hall, minmay_fountain_box, uniq_natasha
D:4:      layout_basic, uniq_sigmund
D:5:      layout_loops_ring, gammafunk_temple_overflow_pools,
          minmay_misc_feat_rows, uniq_edmund
D:6:      layout_loops_corners, nicolae_elevator_lobby_plus
D:7:      minmay_the_grid_triangle_9x9_rhombus_thin
          [minmay_the_grid_triangle_9x9_checkered,
          minmay_the_grid_triangle_9x9_prize_insulated,
          minmay_the_grid_triangle_9x9_thin_v,
          minmay_the_grid_triangle_9x9_stretched_checkered], layout_loops_ring,
          minmay_temple_entry_arrows
D:8:      layout_loops_cross, due_lair_maze_entry_diamond, serial_shops,
          nicolae_shop_tiny_waterfront, chequers_jeans
D:9:      layout_rooms, orc_david_3
D:10:     layout_cave_pools, kennysheep_generic_room_10, uniq_sonja
D:11:     layout_small_grid
D:12:     layout_basic, roderic_malta_cross, minmay_misc_feat_enclosed,
          uniq_rupert, uniq_urug, uniq_jorgrun
D:13:     layout_cave_pods, led_sif_pool
D:14:     minmay_roctagon, layout_irregular_city, erik_vaults_2, abandoned_shop,
          grunt_ministairs_8, uniq_louise
D:15:     gammafunk_enter_depths_forms, layout_basic,
          chequers_serial_rivers_micro_c
Temple:   nicolae_temple_bog_church

Skill      XL: |  1  2  3  4  5  6  7  8  9 10 11 12 13 |
---------------+----------------------------------------+-----
Axes           | 3 4 5 7 8 10 11 13 14 15 | 15.1
Shields        | 4 5 6 7 8 9 11 | 11.3
Fighting       | 4 5 6 7 8 9 11 | 11.3
Armour         | 4 5 6 7 8 9 10 11 | 11.4
Throwing       | 1 2 3 4 5 6 7 8 9 |  9.0
Invocations    | 2 3 5 6 7 |  7.2

Action                     |  1- 3 |  4- 6 |  7- 9 | 10-12 | 13-15 || total
---------------------------+-------+-------+-------+-------+-------++-------
  Melee: War axe           |    72 |   102 |   244 |   430 |    69 ||   917
         Headbutt          |     6 |     8 |    41 |    99 |    18 ||   172
  Throw: Dart              |       |     5 |       |       |       ||     5
         Boomerang         |       |       |       |    34 |       ||    34
 Invoke: Heroism           |       |       |     1 |    10 |     1 ||    12
         Finesse           |       |       |       |     3 |     1 ||     4
    Use: Scroll            |     4 |     7 |     3 |    11 |     1 ||    26
         Potion            |       |       |       |       |     1 ||     1
   Stab: Petrified         |       |       |       |       |     3 ||     3
 Armour: Scale mail        |     5 |       |       |       |       ||     5
         Chain mail        |    42 |    43 |       |       |       ||    85
         Crystal plate arm |       |    25 |   183 |   358 |   105 ||   671
  Dodge: Dodged            |    39 |    47 |    72 |   141 |    32 ||   331
  Block: Buckler           |    24 |    22 |    50 |   119 |    32 ||   247

Table legend: (Time is in decaauts)
 A = Elapsed time spent in this place.
 B = Non-inter-level travel time spent in this place.
 C = Inter-level travel time spent in this place.
 D = Time resting spent in this place.
 E = Time spent auto-exploring this place.
 F = Levels seen in this place.
 G = Mean time per level.
                   A        B        C        D        E       F      G
               +--------+--------+--------+--------+--------+-----+--------+
         Total |  12798 |  12493 |    305 |    301 |   9124 |  16 |  799.9 |
       Dungeon |  12639 |  12357 |    282 |    301 |   9012 |  15 |  842.6 |
        Temple |    158 |    135 |     23 |      0 |    112 |   1 |  158.0 |
               +--------+--------+--------+--------+--------+-----+--------+

Top non-repeatable levels by time:
     D:6: 1239 daAuts
    D:12: 1176 daAuts
     D:7: 1086 daAuts
     D:5: 1067 daAuts
    D:13: 1035 daAuts
     D:3: 1002 daAuts
     D:2: 901 daAuts
     D:1: 833 daAuts
     D:8: 829 daAuts
    D:11: 796 daAuts
    D:10: 741 daAuts
     D:4: 716 daAuts
     D:9: 670 daAuts
    D:15: 277 daAuts
    D:14: 265 daAuts
